 Dungeon Crawl Stone Soup version 0.26-a0-651-gb41185065b (webtiles) character file.

Game seed: 12616268598677656644

109 dracos369 the Skirmisher (level 4, -3/37 HPs)
             Began as a Demonspawn Wanderer on Oct 18, 2020.
             Killed by divine providence
             ... invoked by an orc priest
              (14 damage)
             ... on level 3 of the Dungeon.
             The game lasted 00:04:47 (2017 turns).

dracos369 the Skirmisher (Demonspawn Wanderer)      Turns: 2017, Time: 00:04:47

Health: -3/37      AC:  7    Str: 11    XL:     4   Next: 60%
Magic:  5/5        EV: 12    Int: 16    God:
Gold:   62         SH:  0    Dex: 12    Spells: 5/5 levels left

rFire    . . .     SeeInvis .   a - +2 falchion
rCold    + . .     Faith    .   (no shield)
rNeg     . . .     Spirit   .   k - +0 leather armour
rPois    .         Reflect  .   (no helmet)
rElec    .         Harm     .   (no cloak)
rCorr    .         Rampage  .   j - +0 pair of gloves
MR       .....                  (no boots)
Stlth    +.........             m - amulet of regeneration
HPRegen  0.52/turn              (no ring)
MPRegen  0.09/turn              (no ring)

@: confused, mighty, brilliant, stab, very slightly contaminated, invisible
A: slimy green scales 2, cold resistance 1
a: no special abilities


You were on level 3 of the Dungeon.
You visited 1 branch of the dungeon, and saw 3 of its levels.

You collected 62 gold pieces.

Inventory:

Hand Weapons
 a - a +2 falchion (weapon)
Missiles
 c - 17 poisoned darts (quivered)
Armour
 j - a +0 pair of gloves (worn)
 k - a +0 leather armour (worn)
Jewellery
 i - an uncursed ring of fire
 m - an amulet of regeneration (around neck)
Scrolls
 b - 4 scrolls of teleportation
 e - 4 scrolls of enchant armour {unknown}
 f - a scroll of blinking {unknown}
 h - 2 scrolls of amnesia {unknown}
 o - a scroll of random uselessness {unknown}
 p - a scroll of remove curse {unknown}
Potions
 d - a potion of stabbing


   Skills:
 + Level 3.7 Fighting
 - Level 2.6 Long Blades
 - Level 1.0 Throwing
 + Level 2.6 Dodging
   Level 1.0 Shields
 - Level 1.0 Spellcasting
   Level 1.0 Hexes
   Level 1.0 Ice Magic


You had 5 spell levels left.
You didn't know any spells.
Your spell library was empty.

Dungeon Overview and Level Annotations

Branches:
Dungeon (3/15)

Altars:
Gozag


Innate Abilities, Weirdness & Mutations

You are mostly covered in slimy green scales. (AC +3)
Your flesh is cold resistant. (rC+)


Message History

Something hits you but does no damage.
It was a potion of brilliance.
You feel clever all of a sudden. The adder closely misses you.
Something hits you but does no damage. The adder barely misses you.
It was a potion of might.
You feel very mighty all of a sudden. The orc hits you but does no damage.
The adder barely misses you. Something hits you but does no damage.
It was a potion of invisibility.
You fade into invisibility!
The orc barely misses you. The adder closely misses you. Something hits you.
* * * LOW HITPOINT WARNING * * *
You are very lightly contaminated with residual magic.
You barely miss the orc.
The orc is moderately wounded.
The adder barely misses you.
The orc priest invokes the aid of Beogh against you.
Beogh smites you!
You die...

.....# .#...#
##....#
##...$##
..####......#
.......†..#
#w># ##So#
#@{o# #o#.#
#.#.# #.#..
#.#..# #..?##
....# ....#
..#.


You could see a worm, an orc priest, an adder and 2 orcs.

Vanquished Creatures
  Terence (D:2)
  A worker ant (D:2)
  An adder (D:2)
  A worm (D:2)
  2 leopard geckos (D:1)
  An orc (D:3)
  A giant cockroach (D:2)
  8 goblins (D:1)
  3 hobgoblins
  4 jackals (D:3)
  A quokka (D:2)
  7 bats
  2 frilled lizards (D:1)
  5 kobolds
  8 rats
46 creatures vanquished.

Notes
Turn   | Place    | Note
-------+----------+-------------------------------------------
     0 | D:1      | dracos369 the Demonspawn Wanderer began the quest for the
                  | Orb.
     0 | D:1      | dracos369 set off with the following items: a +2 falchion,
                  | 2 scrolls of teleportation, a +0 robe
     0 | D:1      | Reached XP level 1. HP: 16/16 MP: 2/2
   123 | D:1      | Reached skill level 1 in Dodging
   123 | D:1      | Gained mutation: You are partially covered in slimy green
                  | scales. (AC +2) [demonic ancestry]
   123 | D:1      | Reached XP level 2. HP: 13/23 MP: 3/3
  1143 | D:2      | Gained mutation: Your flesh is cold resistant. (rC+)
                  | [demonic ancestry]
  1143 | D:2      | Reached XP level 3. HP: 17/28 MP: 4/4
  1345 | D:2      | Found an opulent altar of Gozag.
  1448 | D:2      | Reached skill level 3 in Fighting
  1527 | D:2      | Noticed Terence
  1540 | D:2      | Killed Terence
  1708 | D:2      | Gained mutation: You are mostly covered in slimy green
                  | scales. (AC +3) [demonic ancestry]
  1708 | D:2      | Reached XP level 4. HP: 33/35 MP: 5/5
  2017 | D:3      | Killed from afar by an orc priest

Illustrated notes

Levels and vault maps discovered:
D:1:      minmay_arrival_jagged, layout_basic
D:2:      layout_loops_ring, grunt_gozag_breadcrumbs, minmay_split_cup_small,
          uniq_terence
D:3:      layout_rooms

Skill      XL: |  1  2  3 |
---------------+----------+-----
Dodging        | 1 2 |  2.6
Fighting       | 3 |  3.7
Long Blades    | |  2.6
Throwing       | |  1.0
Shields        | |  1.0
Spellcasting   | |  1.0
Hexes          | |  1.0
Ice Magic      | |  1.0

Action                   |  1- 3 |  4- 6 || total
-------------------------+-------+-------++-------
Melee: Falchion          |   104 |    30 ||   134
Throw: Dart              |     4 |       ||     4
  Use: Potion            |       |     4 ||     4
Armor: Robe              |    11 |       ||    11
       Leather armour    |    26 |    17 ||    43
Dodge: Dodged            |    74 |    36 ||   110
       Rpst.: Falchion   |    18 |     8 ||    26

Table legend: (Time is in decaauts)
 A = Elapsed time spent in this place.
 B = Non-inter-level travel time spent in this place.
 C = Inter-level travel time spent in this place.
 D = Time resting spent in this place.
 E = Time spent auto-exploring this place.
 F = Levels seen in this place.
 G = Mean time per level.
                   A        B        C        D        E       F      G
               +--------+--------+--------+--------+--------+-----+--------+
         Total |   2038 |   1888 |    150 |    285 |   1189 |   3 |  679.3 |
       Dungeon |   2038 |   1888 |    150 |    285 |   1189 |   3 |  679.3 |
               +--------+--------+--------+--------+--------+-----+--------+

Top non-repeatable levels by time:
     D:1: 1187 daAuts
     D:2: 809 daAuts
     D:3: 41 daAuts
